 Dungeon Crawl Stone Soup version 0.25-a0-447-gff83419037 (webtiles) character file.

Game seed: 14621650198030772368, levelgen mode: deterministic

58 Nattfarinn the Firebug (level 4, 0/36 HPs)
             Began as a Hill Orc Fire Elementalist on Jan 31, 2020.
             Succumbed to an adder's poison
             ... on level 2 of the Dungeon.
             The game lasted 00:04:50 (2084 turns).

Nattfarinn the Firebug (Hill Orc Fire Elementalist) Turns: 2084, Time: 00:04:51

Health: 0/36       AC:  1    Str:  7 (10) XL:     4   Next: 2%
Magic:  3/6        EV: 12    Int: 14 (16) God:
Gold:   29         SH:  0    Dex: 10 (11) Spells: 5/6 levels left

rFire    . . .     SeeInvis .   e - +0 short sword
rCold    . . .     Gourm    .   (no shield)
rNeg     . . .     Faith    .   (no armour)
rPois    .         Spirit   .   (no helmet)
rElec    .         Reflect  .   j - +0 cloak
rCorr    .         Harm     .   (no gloves)
MR       .....                  (no boots)
Stlth    ++........             (no amulet)
HPRegen  0.12/turn              (no ring)
MPRegen  0.10/turn              (no ring)

@: lethally poisoned (0 -> -1)
A: no striking features
a: no special abilities


You were on level 2 of the Dungeon.
You were very hungry.

You visited 1 branch of the dungeon, and saw 2 of its levels.

You collected 29 gold pieces.

Inventory:

Hand Weapons
 d - a +0 club
 e - a +0 short sword (weapon)
 i - a +0 hand crossbow
Armour
 a - a +0 robe
 b - a +0 chain mail
 j - a +0 cloak (worn)
Scrolls
 f - 2 scrolls of remove curse {unknown}
 h - a scroll of identify {unknown}
 k - a scroll of enchant armour {unknown}
 l - a scroll of enchant weapon {unknown}
Potions
 g - a potion of degeneration
Comestibles
 c - 3 rations


   Skills:
 + Level 2.2 Fighting
 + Level 2.0 Armour
 - Level 1.5 Dodging
 - Level 1.5 Stealth
 - Level 1.5 Spellcasting
 - Level 1.0 Conjurations
 + Level 4.0 Fire Magic


You had 5 spell levels left.
You knew the following spells:

 Your Spells              Type           Power        Failure   Level  Hunger
a - Foxfire               Conj/Fire      #...         9%          1    ##.....

Your spell library contained the following spells:

 Spells                   Type           Power        Failure   Level  Hunger
 Conjure Flame            Conj/Fire      #.......     26%         3    ####...
 Inner Flame              Hex/Fire       #.......     32%         3    ####...
 Sticky Flame             Conj/Fire      #.......     65%         4    #####..
 Fireball                 Conj/Fire      #.........   94%         5    ######.


Dungeon Overview and Level Annotations

Branches:
Dungeon (2/15)

Altars:


Message History

* * * LOW HITPOINT WARNING * * *
You feel sick.
* * * LOW HITPOINT WARNING * * *
You feel sick.
Found a scroll labeled APAIDGH UBIEFA.
* * * LOW HITPOINT WARNING * * *
You feel sick.
* * * LOW HITPOINT WARNING * * *
You feel sick.
* * * LOW HITPOINT WARNING * * *
You feel sick.
You see here a scroll labeled APAIDGH UBIEFA.
f - 2 scrolls labeled APAIDGH UBIEFA (gained 1)
There is a lethal amount of poison in your body!
There is a lethal amount of poison in your body!
* * * LOW HITPOINT WARNING * * *
You feel sick.
* * * LOW HITPOINT WARNING * * *
You feel sick.
You die...

#. .. #.## #. ..#
#. #.# #. #.# #.
#.# ##. #.# ##..
#.# ##.#. #@#
#.##. #.######
##.## #.##...##
##.#
#.#.....#########.
#.#............###
#.#.....####......
#.##...## #......
#.###.## ##.####
#.###.## #.#


There were no monsters in sight!

Vanquished Creatures
  2 adders
  An ooze (D:1)
  2 ball pythons (D:1)
  4 bats
  4 giant cockroaches (D:1)
  A goblin (D:1)
  3 hobgoblins (D:1)
  7 jackals
  A quokka (D:2)
  A frilled lizard (D:2)
  3 kobolds
  2 rats (D:1)
31 creatures vanquished.

Vanquished Creatures (others)
  13 foxfires
13 creatures vanquished.

Grand Total: 44 creatures vanquished

Notes
Turn   | Place    | Note
-------+----------+-------------------------------------------
     0 | D:1      | Nattfarinn the Hill Orc Fire Elementalist began the quest
                  | for the Orb.
     0 | D:1      | Reached XP level 1. HP: 14/14 MP: 3/3
   358 | D:1      | Reached skill level 1 in Fighting
   358 | D:1      | Reached skill level 1 in Armour
   358 | D:1      | Reached XP level 2. HP: 23/23 MP: 1/4
   952 | D:1      | Reached XP level 3. HP: 12/29 MP: 5/5
  1997 | D:2      | Reached skill level 4 in Fire Magic
  2057 | D:2      | Reached XP level 4. HP: 7/36 MP: 0/6
  2080 | D:2      | HP: 1/36 [poisoned by an adder]
  2084 | D:2      | Succumbed to an adder's poison

Levels and vault maps discovered:
D:1:      eino_arrival_druids_welcome, layout_loops_ring
D:2:      layout_loops_ring, grunt_temple_overflow_cloverleaf, uniq_terence

Skill      XL: |  1  2  3 |
---------------+----------+-----
Fighting       | 1 2 |  2.2
Armour         | 1 2 |  2.0
Fire Magic     | 4 |  4.0
Dodging        | |  1.5
Stealth        | |  1.5
Spellcasting   | |  1.5
Conjurations   | |  1.0

Action                   |  1- 3 |  4- 6 || total
-------------------------+-------+-------++-------
Melee: Unarmed           |    19 |       ||    19
       Club              |   143 |       ||   143
       Short sword       |    73 |       ||    73
 Cast: Foxfire           |    11 |       ||    11
  Use: Potion            |     3 |       ||     3
 Stab: Sleeping          |     1 |       ||     1
  Eat: Chunk             |     3 |       ||     3
Armor: Robe              |     6 |       ||     6
       Chain mail        |   228 |       ||   228
       Skin              |    36 |       ||    36
Dodge: Dodged            |    94 |       ||    94

Table legend:
 A = Non-vault XP
 B = Vault XP
 C = Vault XP percentage of total XP
 D = Non-vault monster count
 E = Vault monster count
 F = Vault count percentage of total count
                 A         B        C        D         E       F
            +---------+---------+-------+---------+---------+-------
      Total |      84 |       0 |   0.0 |      31 |       0 |   0.0
            +---------+---------+-------+---------+---------+-------
        D:1 |      56 |       0 |   0.0 |      22 |       0 |   0.0
        D:2 |      28 |       0 |   0.0 |       9 |       0 |   0.0
            +---------+---------+-------+---------+---------+-------
